 Dungeon Crawl Stone Soup version 0.23.0-38-g208d714 (webtiles) character file.

Game seed: 17133819083024320122

6197 dengdeng the Fighter (level 10, -4/95 HPs)
             Began as a Minotaur Berserker on Feb 27, 2019.
             Was a High Priest of Trog.
             Slain by a six-headed hydra (8 damage)
             ... on level 8 of the Dungeon.
             The game lasted 00:29:22 (8982 turns).

dengdeng the Fighter (Minotaur Berserker)           Turns: 8982, Time: 00:29:23

Health: -4/95      AC: 11    Str: 26    XL:     10   Next: 61%
Magic:  18/18      EV: 10    Int:  4    God:    Trog [*****.]
Gold:   495        SH:  0    Dex:  9    Spells: 9/9 levels left

rFire    . . .     SeeInvis +   L - +6 glaive (venom)
rCold    . . .     Gourm    .   (shield currently unavailable)
rNeg     . . .     Faith    .   e - +0 chain mail
rPois    .         Spirit   .   (helmet restricted)
rElec    .         Reflect  .   (no cloak)
rCorr    .         Harm     .   (no gloves)
MR       .....                  (no boots)
Stlth    ..........             p - amulet of rage
HPRegen  0.25/turn              g - ring of see invisible
MPRegen  0.16/turn              y - ring of magical power

@: no status effects
A: retaliatory headbutt, horns 2
a: Berserk, Trog's Hand, Brothers in Arms, Renounce Religion, Evoke Berserk Rage


You were on level 8 of the Dungeon.
You worshipped Trog.
Trog was extremely pleased with you.
You were not hungry.

You visited 1 branch of the dungeon, and saw 8 of its levels.
You also visited: Ossuary.

You collected 495 gold pieces.

Inventory:

Hand Weapons
 E - the +6 great mace "Umagias" {antimagic, rN+ Stlth+}
   (You took it off an ogre on level 7 of the Dungeon)

   It reduces the magical energy of the wielder, and disrupts the spells and
   magical abilities of those hit.
   Natural abilities and divine invocations are not affected.
   It protects you from negative energy.
   It makes you more stealthy.
 F - a +5 war axe
 L - a +6 glaive of venom (weapon)
Missiles
 d - 242 stones (quivered)
 n - 5 steel tomahawks
 v - 6 tomahawks
Armour
 b - a +0 animal skin
 e - a +0 chain mail (worn)
Jewellery
 g - a ring of see invisible (left hand)
 i - an uncursed amulet of magic regeneration
 p - an amulet of rage (around neck)
 y - a ring of magical power (right hand)
 H - a cursed amulet of inaccuracy {unknown}
Wands
 K - a wand of paralysis (7)
Scrolls
 a - a scroll of noise {unknown}
 h - 3 scrolls of enchant weapon
 j - 7 scrolls of teleportation
 k - 7 scrolls of remove curse
 l - 4 scrolls of fear
 m - 3 scrolls of identify {unknown}
 o - 3 scrolls of fog {unknown}
 q - 2 scrolls of magic mapping {unknown}
 t - 7 scrolls of blinking
 x - a scroll of enchant armour {unknown}
 I - a scroll of silence {unknown}
Potions
 f - 7 potions of curing {unknown}
 r - a potion of magic {unknown}
 s - 4 potions of agility {unknown}
 u - 5 potions of brilliance {unknown}
 w - a potion of cancellation {unknown}
 z - 2 potions of invisibility {unknown}
 A - 3 potions of haste {unknown}
 B - 3 potions of degeneration {unknown}
 C - 3 potions of lignification {unknown}
 D - a potion of mutation {unknown}
 G - a potion of flight {unknown}
Comestibles
 c - 23 rations
 J - a chunk of flesh


   Skills:
 * Level 11.1 Fighting
 + Level 10.2(10.7) Axes
 + Level 5.3(8.5) Maces & Flails
 + Level 3.3 Throwing
 * Level 10.5 Armour
 + Level 3.7 Dodging
 + Level 0.1 Stealth


You had 9 spell levels left.
You didn't know any spells.
Your spell library was empty.

Dungeon Overview and Level Annotations

Branches:
Dungeon (8/15)             Temple (0/1) D:5
   Lair: D:8-11

Altars:
Cheibriados
Kikubaaqudgha
Makhleb
Nemelex Xobeh
Sif Muna
Uskayaw
Vehumet
Yredelemnul

Shops:
D:4 :

Annotations:
D:8 5 runed translucent doors


Innate Abilities, Weirdness & Mutations

You reflexively headbutt those who attack you in melee.
You have a pair of horns on your head.


Message History

The four-headed hydra grows two more!
You hit the six-headed hydra.
The six-headed hydra is moderately wounded.
The six-headed hydra bites you!
* * * LOW HITPOINT WARNING * * *
The six-headed hydra closely misses you. x2
The six-headed hydra bites you!
* * * LOW HITPOINT WARNING * * *
The six-headed hydra barely misses you. The six-headed hydra bites you.
* * * LOW HITPOINT WARNING * * *
You barely miss the six-headed hydra.
Your headbutt misses the six-headed hydra.
The six-headed hydra is moderately wounded.
The six-headed hydra bites you but does no damage.
The six-headed hydra bites you.
* * * LOW HITPOINT WARNING * * *
The six-headed hydra bites you but does no damage. x2
The six-headed hydra bites you.
* * * LOW HITPOINT WARNING * * *
The six-headed hydra bites you!
You die...

####)#####.###....# #
#.≈.≈.≈PP##.##.##.# #
#......≈P###...##.# #
#..P..P≈≈#..#...#.####
#.....≈≈P#............
#.....P≈.#.##...##.#..
##'''###+#........_...
#.....#.)#.###...#.##.
#....@DK.#(# #.##...#.
##########.# #.######.
#.###.# #. #.....# #.
#####.# #. #.######.
#.......# #.######.
#.#####..


You could see a six-headed hydra and a big kobold.

Vanquished Creatures
  The ghost of coffeespoons the Archer, a novice CeHu (D:7)
  The ghost of Wiggy the Chopper, a novice OpFi of Okawaru (D:5)
  A troll (D:5)
  Grinder (D:6)
  2 dream sheep (D:8)
  Prince Ribbit (D:6)
  A hungry ghost (D:8)
  A steam dragon (D:8)
  2 yaks (D:8)
  A water moccasin (D:7)
  3 ice beasts (D:8)
  A sky beast (D:7)
  2 phantoms
  5 ogres
  3 centaurs
  2 big kobolds (D:8)
  A gnoll sergeant (D:5)
  Blork the orc (D:6)
  4 bullfrogs
  2 elf skeletons (D:7)
  A scorpion (D:6)
  A water moccasin zombie (Ossuary)
  5 wights (D:7)
  5 howler monkeys
  5 crimson imps
  A jelly (D:6)
  2 bullfrog skeletons
  A bullfrog zombie (D:5)
  A centaur zombie (D:6)
  2 hounds
  A human zombie (D:7)
  5 orc priests
  11 orc wizards
  2 iguanas (D:4)
  4 worker ants
  A big kobold zombie (Ossuary)
  2 hound zombies (D:8)
  2 hound skeletons
  2 mummies (Ossuary)
  8 gnolls
  15 adders
  4 adder zombies (Ossuary)
  6 worms
  A dart slug (D:4)
  5 leopard geckos
  22 orcs
  A ball python (D:1)
  3 bats
  5 giant cockroaches
  6 goblins
  5 hobgoblins
  8 jackals
  7 quokkas
  4 frilled lizards
  A giant cockroach zombie (D:5)
  4 gnoll zombies (Ossuary)
  5 hobgoblin zombies (Ossuary)
  A jackal skeleton (D:4)
  3 kobolds
  3 kobold zombies (Ossuary)
  A leopard gecko skeleton (D:8)
  A leopard gecko zombie (D:8)
  2 orc skeletons (D:7)
  4 orc zombies
  9 rats
224 creatures vanquished.

Notes
Turn   | Place    | Note
-------+----------+-------------------------------------------
     0 | D:1      | dengdeng the Minotaur Berserker began the quest for the
                  | Orb.
     0 | D:1      | Reached XP level 1. HP: 19/19 MP: 0/0
   142 | D:1      | Reached skill level 4 in Fighting
   243 | D:1      | Reached XP level 2. HP: 27/27 MP: 1/1
   597 | D:2      | Found a hide-covered altar of Uskayaw.
   659 | D:2      | Reached XP level 3. HP: 27/34 MP: 2/2
   729 | D:2      | Found a faded altar of an unknown god.
   744 | D:2      | Reached ** piety under Trog
   951 | D:2      | Reached skill level 5 in Fighting
  1124 | D:2      | Reached XP level 4. HP: 33/42 MP: 3/3
  1336 | D:3      | Found a radiant altar of Vehumet.
  1498 | D:3      | Reached XP level 5. HP: 39/48 MP: 4/4
  2058 | D:4      | Reached skill level 5 in Axes
  2207 | D:4      | Found Kocraim's Book Shoppe.
  2224 | D:4      | Reached XP level 6. HP: 53/57 MP: 5/5
  2731 | D:4      | Reached skill level 5 in Armour
  2986 | D:5      | Entered Level 5 of the Dungeon
  3014 | D:5      | Reached *** piety under Trog
  3024 | D:5      | Reached skill level 6 in Fighting
  3029 | D:5      | Reached XP level 7. HP: 29/63 MP: 6/6
  3642 | D:5      | Found a transporter.
  3653 | D:5      | Noticed Wiggy's ghost (novice OpFi)
  3665 | D:5      | Reached skill level 1 in Throwing
  3665 | D:5      | Noticed a troll
  3676 | D:5      | Reached skill level 7 in Fighting
  3677 | D:5      | Killed a troll
  3677 | D:5      | Reached XP level 8. HP: 16/73 MP: 7/7
  3953 | D:5      | Found a staircase to the Ecumenical Temple.
  4051 | D:5      | Found a transporter.
  4148 | D:5      | Killed Wiggy's ghost
  4148 | D:5      | Reached skill level 8 in Fighting
  4287 | D:6      | Noticed Grinder
  4304 | D:6      | Killed Grinder
  4319 | D:6      | Found a snail-covered altar of Cheibriados.
  4452 | D:6      | Found a basalt altar of Yredelemnul.
  4474 | D:6      | Noticed Prince Ribbit
  4485 | D:6      | Reached **** piety under Trog
  4491 | D:6      | Reached XP level 9. HP: 50/82 MP: 8/8
  4595 | D:6      | Reached skill level 9 in Fighting
  4858 | D:6      | Found an ancient bone altar of Kikubaaqudgha.
  5124 | D:6      | Noticed Blork the orc
  5253 | D:6      | Found a deep blue altar of Sif Muna.
  5698 | D:6      | Killed Blork the orc
  5782 | D:6      | Killed Prince Ribbit
  6353 | D:7      | Found a sand-covered staircase.
  6360 | Ossuary  | Entered an ossuary
  6453 | Ossuary  | Reached ***** piety under Trog
  6558 | D:7      | Found a transporter.
  6560 | D:7      | Noticed coffeespoons's ghost (novice CeHu)
  6564 | D:7      | Found a transporter.
  6566 | D:7      | Identified the +6 great mace "Umagias" {antimagic, rN+
                  | Stlth+}
  6592 | D:7      | Killed coffeespoons's ghost
  6592 | D:7      | Reached skill level 10 in Fighting
  6592 | D:7      | Reached skill level 10 in Axes
  6909 | D:7      | Reached XP level 10. HP: 51/93 MP: 3/9
  7721 | D:8      | Reached skill level 1 in Maces & Flails
  8007 | D:8      | Reached skill level 10 in Armour
  8032 | D:8      | Found a sparkling altar of Nemelex Xobeh.
  8519 | D:8      | Found a runed translucent gate.
  8521 | D:8      | Found a runed translucent door.
  8527 | D:8      | Found a runed translucent gate.
  8527 | D:8      | Found a runed translucent gate.
  8535 | D:8      | Found a runed translucent door.
  8547 | D:8      | Found the +9 staff of Olgreb {rPois}
  8680 | D:8      | Found a burning altar of Makhleb.
  8849 | D:8      | Reached skill level 11 in Fighting
  8849 | D:8      | Reached skill level 5 in Maces & Flails
  8856 | D:8      | Received a gift from Trog
  8975 | D:8      | Noticed a two-headed hydra
  8982 | D:8      | HP: 4/95 [six-headed hydra (1)]
  8982 | D:8      | Slain by a six-headed hydra

Skill      XL: |  1  2  3  4  5  6  7  8  9 10 |
---------------+-------------------------------+-----
Fighting       | 4 5 6 7 8 10 11 | 11.1
Axes           | 4 5 6 7 8 10 | 10.2
Armour         | 3 4 5 6 7 9 10 | 10.5
Dodging        | 3 |  3.7
Throwing       | 1 2 3 |  3.3
Maces & Flails | 5 |  5.3
Stealth        | |  0.1

Action                   |  1- 3 |  4- 6 |  7- 9 | 10-12 || total
-------------------------+-------+-------+-------+-------++-------
Melee: Hand axe          |    68 |   127 |     8 |       ||   203
       Headbutt          |     9 |    27 |    47 |    21 ||   104
       War axe           |       |       |   221 |     5 ||   226
       Great mace        |       |       |     8 |   103 ||   111
       Glaive            |       |       |       |     7 ||     7
Throw: Stone             |       |       |   122 |    12 ||   134
Invok: Berserk           |       |       |     4 |       ||     4
  Use: Scroll            |       |       |     5 |       ||     5
  Eat: Chunk             |     1 |     6 |     6 |     7 ||    20
       Ration            |       |       |     3 |       ||     3
Armor: Chain mail        |    41 |    66 |   140 |    72 ||   319
Dodge: Dodged            |    32 |    62 |   119 |    85 ||   298
